 Dungeon Crawl Stone Soup version 0.16.1-11-g651b585 (webtiles) character file.

194536 Huymann the Spry (level 19, -5/116 HPs)
             Began as a Kobold Berserker on Mar 31, 2015.
             Was a High Priest of Trog.
             Slain by a vault warden
             ... wielding a +0 broad axe
              (28 damage)
             ... on level 3 of the Vaults on Apr 5, 2015.
             The game lasted 06:48:44 (36322 turns).

Huymann the Spry (Kobold Berserker)                Turns: 36322, Time: 06:48:45

Health: -5/116     AC: 22    Str: 17    XL:     19   Next: 0%
Magic:  33/33      EV: 45    Int: 10    God:    Trog [*****.]
Gold:   2401       SH: 13    Dex: 38    Spells: 0 memorised, 18 levels left

rFire  + + .     SeeInvis +     r - +7 Spriggan's Knife {MR+ EV+4 Dex+4 Stlth+}
rCold  x . .     Clarity  .     i - +0 fire dragon armour
rNeg   + + .     SustAb   .     E - +2 buckler
rPois  .         Gourm    .     J - +1 helmet "Vixzyfown" {rN+}
rElec  .         Spirit   .     w - +0 cloak
rCorr  .         Warding  +     j - +2 pair of fencer's gloves {EV+3 Dex+6 Slay+2}
rMut   .         Stasis   .     y - +2 pair of boots {Fly}
MR     ++++.                    U - amulet of warding
Stlth  +++++++++.               B - +6 ring of dexterity
                                p - ring of see invisible

@: agile, exhausted, marked, regenerating, slowed, very slow, incredibly
resistant to hostile enchantments, incredibly stealthy
A: carnivore 3
a: Burn Spellbooks, Berserk, Trog's Hand, Brothers in Arms, Renounce Religion,
Evoke Flight
}: 1/15 runes: decaying


You were on level 3 of the Vaults.
You worshipped Trog.
Trog was extremely pleased with you.
You were full.

You visited 5 branches of the dungeon, and saw 34 of its levels.
You visited 1 bazaar.
You also visited: Volcano.

You collected 3013 gold pieces.
You spent 612 gold pieces at shops.

Inventory:

Hand weapons
 f - a +7 dagger of freezing
 k - a +3 triple crossbow of flaming
 n - a +2 rapier of holy wrath
 r - the +7 Spriggan's Knife (weapon) {MR+ EV+4 Dex+4 Stlth+}
   (Trog gifted it to you on level 4 of the Orcish Mines)

   It affects your evasion (+4).
   It affects your dexterity (+4).
   It affects your resistance to hostile enchantments.
   It makes you more stealthy.
 s - a +3 antimagic short sword
 z - a +4 quick blade
 A - a +0 blowgun
 W - a +4 rapier of draining
Missiles
 e - 143 bolts
 t - 115 poisoned needles
 C - 35 silver bolts
 L - 27 tomahawks of returning
 N - 14 silver tomahawks
 X - 10 poisoned tomahawks (quivered)
Armour
 i - a +0 fire dragon armour (worn)
 j - the +2 pair of fencer's gloves (worn) {EV+3 Dex+6 Slay+2}
   (You bought it in a shop in a bazaar)

   It affects your evasion (+3).
   It affects your dexterity (+6).
   It affects your accuracy and damage with ranged weapons and melee attacks
   (+2).
 w - a +0 cloak (worn)
 y - a +2 pair of boots of flying (worn)
 E - a +2 buckler (worn)
 J - the +1 helmet "Vixzyfown" (worn) {rN+}
   (You found it on level 3 of the Lair of Beasts)

   It protects you from negative energy.
 V - a +0 swamp dragon armour
Jewellery
 m - an uncursed ring of stealth
 p - a ring of see invisible (left hand)
 B - a +6 ring of dexterity (right hand)
 G - an uncursed ring of protection from cold
 P - an uncursed ring of protection from fire
 R - a +5 ring of slaying
 U - an amulet of warding (around neck)
 Y - an uncursed ring of ice
 Z - an uncursed ring of protection from magic
Magical devices
 q - a wand of slowing (15)
 x - a wand of paralysis (0)
 D - a wand of digging (2)
 Q - a wand of confusion (10)
 S - a wand of lightning (1)
Scrolls
 d - a scroll of magic mapping
 l - a scroll of silence
 o - 5 scrolls of teleportation
 F - a scroll of enchant armour
 O - 7 scrolls of remove curse
Potions
 a - 7 potions of curing
 b - a potion of restore abilities
 g - 2 potions of ambrosia
 h - 2 potions of cure mutation
 u - 3 potions of might
 I - 3 potions of brilliance
 M - 2 potions of agility
 T - a potion of haste
Comestibles
 c - 8 meat rations
 H - 7 beef jerkies
 K - 13 slices of pizza


   Skills:
 * Level 11.6 Fighting
 * Level 14.9 Short Blades
 * Level 5.4 Crossbows
 + Level 13.3 Throwing
 * Level 9.4 Armour
 * Level 18.2 Dodging
 * Level 15.5 Stealth
 * Level 9.8 Shields
 * Level 12.6 Evocations


You had 18 spell levels left.
You didn't know any spells.

Dungeon Overview and Level Annotations

Branches:
Dungeon (14/15)            Temple (0/1) D:5            Lair (8/8) D:9
  Swamp (5/5) Lair:5          Orc (4/4) D:9             Elf (0/3) Orc:3
 Vaults (3/5) D:13
  Snake: Lair:3-6    Spider: Lair:3-6     Slime: Lair:6-8     Crypt: Vaults:2-3

Altars:
Dithmenos
Elyvilon
Kikubaaqudgha
Okawaru
Qazlal
Trog
The Shining One
Beogh

Shops:
D:8 %   D:12 !   D:14 [   Orc:2 =   Orc:4 %[=!


Innate Abilities, Weirdness & Mutations

You are small and have problems with some larger weapons.
You are carnivorous and can eat meat at any time.


Message History

Press: ? - help, v - describe, . - travel, g - get item
Here: a vault warden, wielding a broad axe and wearing a chain mail (severely wounded)
A ruby potion.
The floor.
Zapping:
Q - a wand of confusion (11)
Press: ? - help, Shift-Dir - straight line, f/p - vault warden
Aim: a vault warden, wielding a broad axe and wearing a chain mail (severely wounded, chance 36%)
The vault warden easily resists.
This wand has 10 charges left.
The vault warden misses you. You block the ettin's attack.
The ettin completely misses you.
The deep elf fighter gestures at you while chanting.
The magic dart hits you!
* * * LOW HITPOINT WARNING * * *
The deep elf knight casts a spell.
The deep elf knight seems to speed up.
You block the deep elf fighter's attack.
You puncture the deep elf fighter!
The deep elf fighter is moderately wounded.
The vault warden hits you with a broad axe!!
You die...

### #..
#..
#.##
#.$
#e##
#@)#
#p## #
#Ce# .#
#c###.#
#.(c))#
#..C((#
####'##
.(# ..#


You could see a vault warden, an ettin, a deep elf knight (invisible), a yaktaur
and a deep elf fighter.

Vanquished Creatures
  A thorn hunter (Swamp:5)
  An orc warlord (Orc:4)
  Donald (Swamp:2)
  4 vault wardens
  Aizul (Vaults:2)
  Gastronok (Lair:2)
  3 stone giants
  5 ironheart preservers
  2 ettins (Vaults:2)
  8 vault guards
  5 yaktaur captains
  2 fire dragons
  14 hydras
  Fannar (Orc:2)
  2 ice dragons
  3 ghost crabs
  Erica (Lair:7)
  13 centaur warriors
  A catoblepas (Lair:5)
  5 alligators
  3 ogre magi
  A deep troll earth mage (Vaults:2)
  7 orc high priests
  5 spriggans
  2 deep elf knights (Vaults:2)
  Erolcha (Orc:2)
  4 hill giants
  2 shadow wraiths (Vaults:2)
  4 hell knights (Vaults:2)
  8 swamp dragons
  2 deep trolls (Vaults:1)
  A deep elf summoner (Orc:3)
  3 unseen horrors
  4 giant orange brains (Vaults:1)
  2 shambling mangroves
  Pikel (D:4)
  3 ironbrand convokers
  2 manticores
  2 necromancers (Vaults:2)
  A deep elf conjurer (Vaults:2)
  7 orc knights
  A hornet (Vaults:1)
  22 ugly things
  2 griffons
  6 cyclopes
  6 orc sorcerers
  5 harpies (Vaults:2)
  2 orc zombies (Orc:4)
  3 toenail golems (Volcano)
  A black mamba (Lair:5)
  8 vault sentinels
  6 spiny frogs
  A centaur skeleton (D:12)
  A yaktaur zombie (Vaults:2)
  2 komodo dragons
  2 fire drakes
  3 kobold demonologists
  35 yaktaurs
  A tengu conjurer (D:13)
  A troll (shapeshifter) (D:13)
  4 freezing wraiths
  8 giant leeches
  4 trolls
  19 two-headed ogres
  8 blink frogs
  A boulder beetle (Vaults:2)
  28 slime creatures
  5 bog bodies
  4 ravens
  2 wraiths
  2 wyverns
  2 baby alligators (Swamp:2)
  A basilisk (D:14)
  7 humans
  4 hippogriffs
  Eustachio (D:6)
  4 deep elf magi
  A shadow (Swamp:3)
  2 deep elf fighters (Vaults:2)
  2 hungry ghosts
  14 vampire mosquitoes
  A hog (D:7)
  9 swamp worms
  8 insubstantial wisps
  4 wargs
  16 yaks
  A deep troll zombie (Vaults:2)
  A wolf (Lair:4)
  A porcupine (Lair:4)
  A slave (D:4)
  49 orc warriors
  7 sky beasts
  11 swamp drakes
  2 black bears
  4 crocodiles
  3 ice beasts
  8 wasps
  A boggart (D:14)
  24 ogres
  9 water moccasins
  An eye of draining (D:12)
  34 centaurs
  3 phantoms
  A necrophage (D:8)
  Sigmund (D:3)
  Duvessa (D:7)
  7 big kobolds
  Blork the orc (D:6)
  11 giant frogs
  2 scorpions
  2 wyvern skeletons
  A water moccasin skeleton (D:7)
  17 killer bees
  3 jellies
  5 electric eels
  4 wights (D:12)
  Dowan (D:7)
  3 crimson imps
  A goliath beetle (D:6)
  2 centaur zombies
  The ghost of lorenzova the Magician, a weakling DEFE of Qazlal (D:3)
  A giant frog skeleton (D:4)
  A quasit (D:6)
  A giant frog zombie (D:5)
  Crazy Yiuf (D:6)
  33 orc priests
  33 orc wizards
  7 iguanas
  7 hounds
  8 worker ants
  Jessica (D:2)
  A hound zombie (D:10)
  3 hound skeletons
  A mummy (D:13)
  14 adders
  10 gnolls
  A worker ant zombie (D:5)
  13 river rats
  5 shadow imps
  A giant mite (D:4)
  2 oozes (D:2)
  318 orcs
  2 ball pythons (D:2)
  14 bats
  2 bat skeletons
  3 bat zombies
  7 giant cockroaches
  21 hobgoblins
  6 jackals
  37 kobolds
  8 quokkas
  6 giant geckos
  4 giant newts
  2 giant spores (D:12)
  26 goblins
  15 rats
  2 butterflies (D:5)
1249 creatures vanquished.

Vanquished Creatures (collateral kills)
  the Lernaean hydra (Swamp:5)
  Margery (Vaults:2)
  Asterion (Swamp:5)
  A quicksilver dragon (Vaults:2)
  An ironheart preserver (Vaults:1)
  An orc warlord (Orc:4)
  A very ugly thing (Vaults:1)
  Snorg (Orc:2)
  2 yaktaur captains
  4 vault guards (D:13)
  An ice dragon (Vaults:2)
  3 hydras
  A ghost crab (Swamp:5)
  2 alligators (Swamp:5)
  A deep troll shaman (Vaults:1)
  A fire crab (Vaults:1)
  2 deep elf knights
  6 swamp dragons
  6 deep trolls
  An ironbrand convoker (Vaults:1)
  A wolf spider zombie (Vaults:2)
  3 orc knights
  2 cyclopes
  A draconian (shapeshifter) (Vaults:2)
  A wolf spider (Vaults:2)
  2 orc sorcerers (Orc:4)
  A spiny frog (Swamp:4)
  5 yaktaurs
  2 vault sentinels
  4 bog bodies (Swamp:4)
  2 ravens (shapeshifter) (Vaults:1)
  A yak (D:7)
  2 vampire mosquitoes (Vaults:1)
  Grum (D:10)
  2 wargs
  3 wolves (D:10)
  Edmund (D:6)
  An insubstantial wisp (Swamp:5)
  A deep troll zombie (Vaults:2)
  A swamp worm (Swamp:5)
  9 orc warriors
  A water moccasin (Swamp:4)
  A black bear (shapeshifter) (Vaults:1)
  A tengu (shapeshifter) (Vaults:1)
  A centaur (Vaults:2)
  A human zombie (Vaults:2)
  A centaur zombie (Vaults:2)
  2 crimson imps
  An iron imp (D:6)
  6 orc priests
  9 orc wizards
  A sheep (D:7)
  A mummy (D:7)
  A river rat (D:6)
  3 shadow imps (D:6)
  3 white imps (D:6)
  21 orcs
  5 bats
  A quokka (D:10)
  A goblin (Orc:3)
  A kobold (D:6)
146 creatures vanquished.

Vanquished Creatures (others)
  A hydra (Swamp:5)
  2 iron trolls
  A deep troll (Vaults:1)
  A swamp dragon (Swamp:5)
  4 hill giants
  2 spiny frogs (Swamp:5)
  3 trolls
  2 ravens (D:13)
  3 two-headed ogres
  A human zombie (Vaults:2)
  An insubstantial wisp (Swamp:5)
  An orc warrior (Vaults:2)
  5 ogres
  A centaur (Vaults:3)
  A big kobold (Vaults:2)
  A hound zombie (D:10)
  A giant spore (D:12)
  A plant (D:11)
  21 toadstools (Lair:7)
53 creatures vanquished.

Grand Total: 1448 creatures vanquished

Notes
Turn   | Place    | Note
--------------------------------------------------------------
     0 | D:1      | Huymann, the Kobold Berserker, began the quest for the Orb.
     0 | D:1      | Reached XP level 1. HP: 14/14 MP: 1/1
   189 | D:1      | Reached XP level 2. HP: 19/19 MP: 2/2
   785 | D:2      | Noticed Jessica
   794 | D:2      | Killed Jessica
   794 | D:2      | Reached skill level 1 in Stealth
   794 | D:2      | Reached XP level 3. HP: 24/24 MP: 3/3
   796 | D:2      | Acquired Trog's second power
   938 | D:2      | Found a glowing golden altar of the Shining One.
  1012 | D:2      | Reached XP level 4. HP: 29/29 MP: 4/4
  1167 | D:2      | Found a white marble altar of Elyvilon.
  1857 | D:3      | Noticed Sigmund
  1882 | D:3      | Killed Sigmund
  1882 | D:3      | Reached skill level 5 in Short Blades
  1882 | D:3      | Reached XP level 5. HP: 25/33 MP: 5/5
  2091 | D:3      | Found an iron altar of Okawaru.
  2096 | D:3      | Noticed lorenzova's ghost (weakling DEFE)
  2108 | D:3      | Killed lorenzova's ghost
  2108 | D:3      | Reached skill level 1 in Throwing
  2108 | D:3      | Reached XP level 6. HP: 27/39 MP: 6/6
  3062 | D:4      | Reached XP level 7. HP: 44/44 MP: 7/7
  3160 | D:4      | Reached skill level 5 in Dodging
  3160 | D:4      | Reached skill level 1 in Evocations
  3195 | D:4      | Reached skill level 1 in Shields
  3687 | D:4      | Noticed Pikel
  3687 | D:4      | Noticed a slave
  3687 | D:4      | Noticed a slave
  3689 | D:4      | Noticed a slave
  3691 | D:4      | Noticed a slave
  3692 | D:4      | Killed a slave
  3709 | D:4      | Killed Pikel
  3709 | D:4      | Reached skill level 6 in Short Blades
  3709 | D:4      | Reached XP level 8. HP: 33/48 MP: 8/10
  3923 | D:5      | Entered Level 5 of the Dungeon
  3987 | D:5      | Reached skill level 5 in Fighting
  4180 | D:5      | Acquired Trog's third power
  4268 | D:5      | Found a staircase to the Ecumenical Temple.
  4437 | D:5      | Found a shadowy altar of Dithmenos.
  4639 | D:6      | Noticed Crazy Yiuf
  4648 | D:6      | Killed Crazy Yiuf
  4700 | D:6      | Noticed Edmund
  4712 | D:6      | Killed Edmund
  4712 | D:6      | Reached skill level 7 in Dodging
  4712 | D:6      | Reached skill level 5 in Stealth
  4712 | D:6      | Reached XP level 9. HP: 54/54 MP: 13/13
  4740 | D:6      | Got a warped chain mail
  4786 | D:6      | Identified the -10 chain mail "Wiko" {Int+5} (You found it on level 6 of the Dungeon)
  5027 | D:6      | Noticed Blork the orc
  5032 | D:6      | Killed Blork the orc
  5439 | D:6      | Noticed Eustachio
  5482 | D:6      | Killed Eustachio
  5583 | D:7      | Found an ancient bone altar of Kikubaaqudgha.
  5709 | D:7      | Reached skill level 8 in Dodging
  5729 | D:7      | Received a gift from Trog
  5952 | D:7      | Noticed Duvessa
  5956 | D:7      | Noticed Dowan
  5974 | D:7      | Killed Duvessa
  5975 | D:7      | Killed Dowan
  5975 | D:7      | Reached XP level 10. HP: 60/60 MP: 16/16
  6148 | D:7      | Reached skill level 9 in Dodging
  7265 | D:8      | Reached skill level 5 in Throwing
  7315 | D:8      | Found Otinoena's Food Boutique.
  7536 | D:8      | Found a bloodstained altar of Trog.
  7536 | D:8      | Found a stormy altar of Qazlal.
  7637 | D:8      | Found a white marble altar of Elyvilon.
  8132 | D:9      | Found a staircase to the Lair.
  8298 | D:9      | Reached skill level 5 in Evocations
  8487 | D:9      | Noticed a centaur warrior
  8505 | D:9      | Killed a centaur warrior
  8505 | D:9      | Reached skill level 10 in Dodging
  8505 | D:9      | Reached XP level 11. HP: 66/66 MP: 19/19
  8862 | D:9      | Found a staircase to the Orcish Mines.
  8863 | D:9      | Found a roughly hewn altar of Beogh.
  8927 | D:9      | Received a gift from Trog
  9742 | D:10     | Entered Level 10 of the Dungeon
 10279 | D:10     | Noticed Grum
 10296 | D:10     | Killed Grum
 10315 | D:10     | Noticed a fire dragon
 10342 | D:10     | Noticed a hill giant
 10359 | D:10     | Killed a hill giant
 10359 | D:10     | Received a gift from Trog
 10359 | D:10     | Reached skill level 5 in Armour
 10600 | D:10     | Killed a fire dragon
 10627 | D:10     | Got a colourful robe
 10639 | D:10     | Identified the cursed -1 robe "Thregifu" {rF- rN+ Str+4} (You found it on level 10 of the Dungeon)
 11324 | D:11     | Noticed a hill giant
 11341 | D:11     | Killed a hill giant
 11347 | D:11     | Reached skill level 11 in Dodging
 11568 | D:12     | Reached XP level 12. HP: 18/72 MP: 20/22
 11821 | D:12     | Found Cown's Distillery.
 12156 | D:13     | Found a gate to the Vaults.
 12156 | D:13     | Noticed a vault guard
 12156 | D:13     | Noticed a vault guard
 12156 | D:13     | Noticed a vault guard
 12156 | D:13     | Noticed a vault guard
 12157 | D:13     | Noticed a vault guard
 12157 | D:13     | Noticed a vault guard
 12157 | D:13     | Noticed a vault guard
 12157 | D:13     | Noticed a vault guard
 12180 | D:13     | Killed a vault guard
 12180 | D:13     | Reached skill level 10 in Stealth
 12188 | D:13     | Killed a vault guard
 12188 | D:13     | Received a gift from Trog
 12199 | D:13     | Killed a vault guard
 12206 | D:13     | Killed a vault guard
 12208 | D:13     | Killed a vault guard
 12208 | D:13     | Reached skill level 12 in Dodging
 12214 | D:13     | Killed a vault guard
 12214 | D:13     | Reached skill level 10 in Short Blades
 12216 | D:13     | Killed a vault guard
 12221 | D:13     | Killed a vault guard
 12450 | D:13     | Found a flickering gateway to a bazaar.
 12465 | Bazaar   | Entered a bazaar
 12471 | Bazaar   | Found Isist's Food Shop.
 12475 | Bazaar   | Found Juatih's Antique Armour Shoppe.
 12490 | Bazaar   | Found Stroaresch's Armour Boutique.
 12493 | Bazaar   | Found Wacahemp's Magic Scroll Shoppe.
 12523 | Bazaar   | Bought the cursed -6 scale mail of Unambiguity {rF+ rC+ Str-4 Int+2 Dex+4} for 1 gold piece
 12589 | Bazaar   | Bought the +2 pair of fencer's gloves {EV+3 Dex+6 Slay+2} for 551 gold pieces
 12614 | Bazaar   | Bought a meat ration for 60 gold pieces
 12796 | D:13     | Reached XP level 13. HP: 78/78 MP: 24/24
 12873 | D:13     | Noticed a seven-headed hydra
 12880 | D:13     | Killed a seven-headed hydra
 12880 | D:13     | Reached skill level 5 in Shields
 13056 | D:13     | Received a gift from Trog
 13253 | D:14     | Found Schonuqin's Antique Armour Shop.
 13490 | D:14     | Got a transparent quarterstaff
 13918 | D:14     | Reached skill level 13 in Dodging
 14259 | D:12     | Noticed a cyclops
 14264 | D:12     | Killed a cyclops
 14374 | D:12     | Received a gift from Trog
 14689 | D:12     | Noticed a manticore
 14692 | D:12     | Noticed a four-headed hydra
 14710 | D:12     | Killed a four-headed hydra
 14735 | D:12     | Killed a manticore
 14746 | D:12     | Identified the +9 quarterstaff "Uloh" {vamp, rPois rC- MR+ Str+4 SInv} (You found it on level 14 of the Dungeon)
 14900 | D:12     | Noticed a cyclops
 14917 | D:12     | Killed a cyclops
 15240 | D:11     | Noticed an unseen horror
 15247 | D:11     | Killed an unseen horror
 15422 | D:11     | Received a gift from Trog
 16041 | Orc:1    | Entered Level 1 of the Orcish Mines
 16058 | Orc:1    | Received a gift from Trog
 16125 | Orc:1    | Received a gift from Trog
 16230 | Orc:1    | Received a gift from Trog
 16407 | Orc:1    | Received a gift from Trog
 16816 | Orc:2    | Noticed Snorg
 16849 | Orc:2    | Killed Snorg
 16876 | Orc:2    | Received a gift from Trog
 17012 | Orc:2    | Noticed Fannar
 17084 | Orc:2    | Noticed Erolcha
 17093 | Orc:2    | Killed Fannar
 17106 | Orc:2    | Killed Erolcha
 17233 | Orc:2    | Reached XP level 14. HP: 72/86 MP: 26/26
 17252 | Orc:2    | Found Merpha's Jewellery Boutique.
 17511 | Orc:2    | Received a gift from Trog
 17679 | Orc:3    | Found a dark tunnel.
 17688 | Volcano  | Entered a volcano
 18253 | Orc:3    | Received a gift from Trog
 18256 | Orc:3    | Reached skill level 14 in Dodging
 18649 | Orc:3    | Found a staircase to the Elven Halls.
 18948 | Orc:4    | Entered Level 4 of the Orcish Mines
 19246 | Orc:4    | Received a gift from Trog
 19532 | Orc:4    | Found Brabibbo's Antique Armour Shop.
 19567 | Orc:4    | Found Bliotiva's Food Boutique.
 19610 | Orc:4    | Found a roughly hewn altar of Beogh.
 19817 | Orc:4    | Received a gift from Trog
 20017 | Orc:4    | Noticed an orc warlord
 20048 | Orc:4    | Killed an orc warlord
 20428 | Orc:4    | Received a gift from Trog
 20712 | Orc:4    | Noticed an orc warlord
 20714 | Orc:4    | Found a roughly hewn altar of Beogh.
 20729 | Orc:4    | Killed an orc warlord
 20737 | Orc:4    | Paralysed by an orc sorcerer for 3 turns
 21001 | Orc:4    | Found Woycaoss' Distillery.
 21461 | Orc:4    | Found Udunuhe's Jewellery Shop.
 21550 | Orc:4    | Received a gift from Trog
 22124 | Orc:4    | Reached XP level 15. HP: 92/92 MP: 28/28
 22358 | Orc:4    | Noticed a stone giant
 22361 | Orc:4    | Killed a stone giant
 22361 | Orc:4    | Reached skill level 10 in Throwing
 22607 | Lair:1   | Entered Level 1 of the Lair of Beasts
 22762 | Lair:1   | Reached skill level 15 in Dodging
 22766 | Lair:1   | Received a gift from Trog
 23099 | Lair:2   | Noticed Gastronok
 23107 | Lair:2   | Killed Gastronok
 23145 | Lair:2   | Reached skill level 10 in Evocations
 23174 | Lair:2   | Reached skill level 10 in Fighting
 23222 | Lair:3   | Got a pitted helmet
 23228 | Lair:3   | Identified the +1 helmet "Vixzyfown" {rN+} (You found it on level 3 of the Lair of Beasts)
 23387 | Lair:3   | Found a staircase to the Shoals.
 23554 | Lair:5   | Found a staircase to the Swamp.
 23922 | Lair:7   | Noticed Erica
 23927 | Lair:7   | Killed Erica
 23993 | Lair:8   | Entered Level 8 of the Lair of Beasts
 24257 | Lair:5   | Received a gift from Trog
 24303 | Swamp:1  | Entered Level 1 of the Swamp
 26117 | Swamp:2  | Noticed a spectral caustic shrike
 26227 | Swamp:2  | Reached XP level 16. HP: 98/98 MP: 29/29
 26368 | Swamp:2  | Noticed Donald
 26386 | Swamp:2  | Killed Donald
 26568 | Swamp:3  | Reached skill level 16 in Dodging
 26743 | Swamp:3  | Received a gift from Trog
 26918 | Swamp:4  | Found an ancient bone altar of Kikubaaqudgha.
 27214 | Swamp:5  | Entered Level 5 of the Swamp
 27353 | Swamp:5  | Noticed Asterion
 27368 | Swamp:5  | Killed Asterion
 27377 | Swamp:5  | Received a gift from Trog
 27400 | Swamp:5  | Noticed the 27-headed Lernaean hydra
 27412 | Swamp:5  | Killed the 25-headed Lernaean hydra
 27761 | Swamp:5  | Received a gift from Trog
 27828 | Swamp:5  | Noticed a thorn hunter
 28012 | Swamp:5  | Got a decaying rune of Zot
 28142 | Swamp:5  | Killed a thorn hunter
 28692 | Lair:1   | Received a gift from Trog
 28988 | D:11     | Noticed a manticore
 29004 | D:11     | Killed a manticore
 29099 | Vaults:1 | Entered Level 1 of the Vaults
 29572 | Vaults:1 | Reached XP level 17. HP: 87/104 MP: 31/31
 29647 | Vaults:1 | Reached skill level 17 in Dodging
 29812 | Vaults:1 | Reached skill level 1 in Crossbows
 30755 | Vaults:1 | Received a gift from Trog
 32528 | Vaults:2 | Noticed Margery
 33115 | Vaults:2 | Received a gift from Trog
 33118 | Vaults:2 | Reached skill level 15 in Stealth
 33118 | Vaults:2 | Reached XP level 18. HP: 108/110 MP: 32/32
 33249 | Vaults:2 | HP: 3/110 [Margery/fireball (27)]
 33254 | Vaults:2 | Killed Margery
 33869 | Vaults:2 | Noticed Aizul
 33916 | Vaults:2 | Killed Aizul
 34078 | Vaults:2 | Received a gift from Trog
 34710 | Vaults:2 | Received a gift from Trog
 35030 | Vaults:2 | Received a gift from Trog
 35443 | Vaults:3 | Reached skill level 18 in Dodging
 35467 | Vaults:2 | Reached skill level 5 in Crossbows
 35522 | Vaults:2 | Received a gift from Trog
 36313 | Vaults:3 | HP: 5/111 [deep elf knight/arrow (6)]
 36314 | Vaults:3 | Reached XP level 19. HP: 16/116 MP: 33/33
 36322 | Vaults:3 | Slain by a vault warden

Action                   |  1- 3 |  4- 6 |  7- 9 | 10-12 | 13-15 | 16-18 | 19-21 || total
-------------------------+-------+-------+-------+-------+-------+-------+-------++-------
Melee: Short sword       |     7 |       |       |   293 |   218 |       |       ||   518
       Dagger            |    82 |   199 |   310 |   381 |   315 |    62 |       ||  1349
       Rapier            |       |       |       |       |   437 |    33 |       ||   470
       Knife             |       |       |       |       |  1152 |  1939 |     1 ||  3092
       Quick blade       |       |       |       |       |       |    39 |       ||    39
 Fire: Blowgun           |       |       |    12 |    28 |     5 |       |       ||    45
       Hunting sling     |       |       |     6 |       |       |       |       ||     6
       Triple crossbow   |       |       |       |       |       |     1 |       ||     1
Throw: Stone             |       |     1 |    17 |    21 |       |       |       ||    39
       Throwing net      |       |       |     7 |     3 |       |       |       ||    10
       Tomahawk          |       |       |       |    15 |    51 |   166 |       ||   232
Invok: Berserk           |     2 |     7 |    11 |    15 |    20 |    19 |       ||    74
       Trog's Hand       |       |     1 |     1 |     1 |     1 |     4 |       ||     8
       Brothers in Arms  |       |       |     5 |     3 |     8 |    18 |       ||    34
       Burn Spellbooks   |       |       |       |     1 |       |       |       ||     1
 Abil: Stop Flying       |       |     1 |       |     2 |     3 |     1 |       ||     7
       Evoke Flight      |       |       |       |     2 |     4 |       |       ||     6
Evoke: Wand              |       |       |       |     1 |     5 |    18 |     1 ||    25
  Use: Scroll            |     1 |     5 |    17 |     9 |    14 |    15 |       ||    61
       Potion            |       |       |       |     2 |    12 |     9 |     1 ||    24
 Stab: Sleeping          |     1 |     4 |     8 |    40 |    67 |    29 |       ||   149
       Held in net/web   |       |       |     2 |     2 |       |       |       ||     4
       Distracted        |       |       |     1 |     1 |    11 |     9 |       ||    22
       Paralysed         |       |       |       |     1 |     2 |     3 |       ||     6
       Confused          |       |       |       |       |     1 |       |       ||     1
  Eat: Chunk             |     8 |    15 |    20 |    38 |    71 |    54 |       ||   206
